Construct Weapon Support Center
Selects Special Operations Battlegroup
Selects M29 Weasel Recon Vehicle
Mechanized Support Center
M3 Armored Personnel Carrier
Selects SSF Commando Squad
Selects P-47 Anti-Infantry Loiter
Selects UNKNOWN (2162291)
Improved M9 Bazooka Rockets
P-47 Anti-Infantry Loiter
Selects Assault Operation
M4(105) Sherman Bulldozer
M18 Hellcat Tank Destroyer
Designate Forward Repair Station
Construct Medical Station
P-47 Anti-Infantry Loiter
M18 Hellcat Tank Destroyer
P-47 Anti-Infantry Loiter
M18 Hellcat Tank Destroyer
Designate Forward Repair Station
P-47 Anti-Infantry Loiter
Designate Forward Repair Station